 Dungeon Crawl Stone Soup version 0.24-a0-48-g0ecae65 (webtiles) character file.

Game seed: 16445534732321540522

41 Inarius the Skirmisher (level 3, -2/31 HPs)
             Began as a Mummy Monk on Feb 3, 2019.
             Slain by an adder (5 damage)
             ... on level 1 of the Dungeon.
             The game lasted 00:01:40 (1495 turns).

Inarius the Skirmisher (Mummy Monk)                 Turns: 1495, Time: 00:01:41

Health: -2/31      AC:  2    Str: 15    XL:     3   Next: 32%
Magic:  3/3        EV: 13    Int:  9    God:
Gold:   45         SH:  0    Dex: 14    Spells: 2/2 levels left

rFire    x . .     SeeInvis .   a - +0 hand axe
rCold    + . .     Gourm    .   (no shield)
rNeg     + + +     Faith    .   b - +0 robe
rPois    ∞         Spirit   .   (no helmet)
rElec    .         Reflect  .   (no cloak)
rCorr    .         Harm     .   (no gloves)
MR       .....                  (no boots)
Stlth    ++........             (no amulet)
HPRegen  0.10/turn              (no ring)
MPRegen  0.08/turn              (no ring)

@: no status effects
A: no food or potions, fire vulnerability, cold resistance 1, negative energy
resistance 3, torment resistance, unbreathing
a: no special abilities


You were on level 1 of the Dungeon.
You were not hungry.

You visited 1 branch of the dungeon, and saw 2 of its levels.

You collected 45 gold pieces.

Inventory:

Hand Weapons
 a - a +0 hand axe (weapon)
Armour
 b - a +0 robe (worn)
Scrolls
 c - a scroll of fear {unknown}
 d - 2 scrolls of blinking {unknown}
 e - 3 scrolls of remove curse {unknown}
 f - a scroll of identify {unknown}


   Skills:
 * Level 4.4 Fighting
 - Level 2.4 Axes
 - Level 2.4 Dodging
 - Level 1.5 Stealth


You had 2 spell levels left.
You didn't know any spells.
Your spell library was empty.

Dungeon Overview and Level Annotations

Branches:
Dungeon (2/15)

Altars:


Innate Abilities, Weirdness & Mutations

You do not eat or drink.
Your flesh is vulnerable to fire.
You are immune to poison.
Your flesh is cold resistant. (rC+)
You are immune to negative energy. (rN+++)
You are immune to unholy pain and torment.
You can survive without breathing.


Message History

You hit the adder.
The adder is severely wounded.
The adder bites you.
* * * LOW HITPOINT WARNING * * *
You miss the adder.
The adder is severely wounded.
The adder bites you.
* * * LOW HITPOINT WARNING * * *
The adder closely misses you.
You miss the adder.
The adder is severely wounded.
The adder bites you.
* * * LOW HITPOINT WARNING * * *
You hit the adder.
The adder is almost dead.
The adder closely misses you. x2
You completely miss the adder.
The adder is almost dead.
The adder bites you.
You die...

## ### .### #.#### ...#
#....# ######### ##.#
#.##.# ##...#...##
##.###.##.###.........##
.......................#
##.........#...........#
######.#.........S.....#
..# #.###.##...@.....##
#.## #†# #.###...#...##
#..###.###.# ##...#####
##...)..##.## #.#.....#
####))......###.#####.##
# #........#...# #..## #
#..........### ##..# ##
#........### #%## .#
#........# #.#


You could see an adder.

Vanquished Creatures
  A gnoll (D:1)
  A leopard gecko (D:1)
  8 goblins
  6 hobgoblins
  4 kobolds (D:1)
  3 bats
  2 frilled lizards (D:1)
  2 rats (D:1)
27 creatures vanquished.

Notes
Turn   | Place    | Note
-------+----------+-------------------------------------------
     0 | D:1      | Inarius the Mummy Monk began the quest for the Orb.
     0 | D:1      | Reached XP level 1. HP: 18/18 MP: 1/1
   138 | D:1      | Reached XP level 2. HP: 20/24 MP: 2/2
   227 | D:1      | Reached skill level 4 in Fighting
   744 | D:1      | Reached XP level 3. HP: 29/30 MP: 3/3
  1495 | D:1      | Slain by an adder

Vault maps used:
D:1:      sevenhm_arrival_forest_fort_large_2
D:2:      serial_corexii_hall, chequers_hall_statues_corner_a,
          corexii_hall_statues_s, chequers_hall_statues_y,
          corexii_hall_statues_x, chequers_hall_statues_wall_a,
          corexii_hall_statues_u

Skill      XL: |  1  2 |
---------------+-------+-----
Fighting       | 4 |  4.4
Axes           | |  2.4
Dodging        | |  2.4
Stealth        | |  1.5

Action                   || total
-------------------------++-------
Melee: Hand axe          ||   103
Armor: Robe              ||    12
Dodge: Dodged            ||    71

Table legend:
 A = Non-vault XP
 B = Vault XP
 C = Vault XP percentage of total XP
 D = Non-vault monster count
 E = Vault monster count
 F = Vault count percentage of total count
                 A         B        C        D         E       F
            +---------+---------+-------+---------+---------+-------
      Total |      59 |       0 |   0.0 |      27 |       0 |   0.0
            +---------+---------+-------+---------+---------+-------
        D:1 |      55 |       0 |   0.0 |      24 |       0 |   0.0
        D:2 |       4 |       0 |   0.0 |       3 |       0 |   0.0
            +---------+---------+-------+---------+---------+-------
